AoeStats
← Blub Ragnarson

Arena

507290442Analyzed
1v1 RM · 16d ago on Sep 17, 2026· 45m 21s· 2 players
Game mode
Random Map
Map size
Tiny (2 player)
Population
200
Speed
Normal
Resources
Standard
Victory
Conquest
Starting age
Dark Age
Ending age
Imperial Age
RankedLock teamsTeams togetherTeam positionsShared explorationLock speedFull tech treeHidden civsTurbo modeCheats
Victory
Defeat
🇫🇷 Portuguese · France
1114
+18
🇺🇸 Bulgarians · United States
1149
-49
Feudalplay
10:42 Feudal Age
14:31 Castle Age
12:35 Double-Bit Axe
12:32 Horse Collar
13:47 Fletching
16:31 Bow Saw
16:11 Loom
21:43 Wheelbarrow
25:16 Hand Cart
26:01 Gold Mining
30:05 Imperial Age
28:30 Scale Barding Armor
28:40 Forging
28:50 Squires
28:35 Arson
29:04 Town Watch
29:23 Stone Mining
30:32 Iron Casting
30:31 Bloodlines
30:22 Husbandry
31:32 Chain Barding Armor
32:12 Blast Furnace
31:15 Husbandry
31:41 Stirrups
32:10 Conscription
32:34 Stone Shaft Mining
32:20 Heavy Plow
33:38 Plate Barding Armor
33:06 Scale Mail Armor
33:22 Elite Konnik
34:32 Chain Mail Armor
35:27 Plate Mail Armor
36:26 Bagains
37:32 Bodkin Arrow
38:57 Bracer
38:57 Gambesons
39:48 Padded Archer Armor
40:50 Chemistry
40:11 Ballistics
Blub Ragnarson
7:57 Loom
11:55 Feudal Age
16:08 Castle Age
15:26 Horse Collar
15:36 Double-Bit Axe
21:01 Bow Saw
22:29 Wheelbarrow
23:10 Town Watch
24:59 Stone Mining
25:00 Gold Mining
25:20 Heavy Plow
24:51 Pikeman
25:18 Arson
29:03 Stone Shaft Mining
28:50 Masonry
29:33 Hand Cart
29:21 Town Patrol
30:25 Scale Mail Armor
30:35 Forging
30:16 Fletching
30:34 Devotion
34:07 Imperial Age
33:34 Ballistics
34:30 Chain Mail Armor
34:51 Iron Casting
34:11 Bodkin Arrow
35:48 Chemistry
35:45 Conscription
35:52 Arquebus
37:08 Elite Organ Gun
37:42 Halberdier
38:54 Plate Mail Armor
39:26 Blast Furnace
42:23 Bracer
46:06 Siege Engineers
Connection lost

Rejoining the realm…

Still unreachable

The connection could not be restored.

Session expired

The server has moved on; the page needs a fresh start.